 Dungeon Crawl Stone Soup version 0.24-a0-252-g5076262 (webtiles) character file.

Game seed: 7235510469895087388

126 Ijustatesigmund the Chopper (level 5, -3/36 HPs)
             Began as an Octopode Fighter on Apr 17, 2019.
             Slain by Purgy (9 damage)
             ... on level 3 of the Dungeon.
             The game lasted 00:04:09 (1881 turns).

Ijustatesigmund the Chopper (Octopode Fighter)      Turns: 1881, Time: 00:04:09

Health: -3/36      AC:  1    Str: 15 (16) XL:     5   Next: 10%
Magic:  5/5        EV: 11    Int:  8 (10) God:
Gold:   45         SH: 11    Dex: 11 (12) Spells: 4/4 levels left

rFire    . . .     SeeInvis .   a - +0 war axe
rCold    . . .     Gourm    .   b - +0 shield
rNeg     . . .     Faith    .   (helmet restricted)
rPois    .         Spirit   .   i - +3 amulet of reflection
rElec    .         Reflect  +   (no ring)
rCorr    .         Harm     .   (no ring)
MR       .....                  (no ring)
Stlth    ++........             (no ring)
HPRegen  0.12/turn              (no ring)
MPRegen  0.09/turn              (no ring)
                                (no ring)
                                (no ring)

@: no status effects
A: almost no armour, stealthy swim, amphibious, 8 rings, constrict 8, camouflage
1, gelatinous body 1
a: no special abilities


You were on level 3 of the Dungeon.
You were not hungry.

You visited 1 branch of the dungeon, and saw 3 of its levels.

You collected 45 gold pieces.

Inventory:

Hand Weapons
 a - a +0 war axe (weapon)
Armour
 b - a +0 shield (worn)
Jewellery
 e - an uncursed amulet of faith {unknown}
 h - an uncursed amulet of rage
 i - a +3 amulet of reflection (around mantle)
Comestibles
 c - 3 chunks of flesh
 d - a ration


   Skills:
 + Level 3.0 Fighting
 + Level 5.0 Axes
 + Level 3.0 Dodging
 + Level 3.0 Shields


You had 4 spell levels left.
You didn't know any spells.
Your spell library was empty.

Dungeon Overview and Level Annotations

Branches:
Dungeon (3/15)

Altars:

Annotations:
D:3 Purgy


Innate Abilities, Weirdness & Mutations

You cannot wear most types of armour.
You are very stealthy in the water. (Stealth+)
You are amphibious.
You can wear up to eight rings at the same time.
You can use your tentacles to constrict eight enemies at once.
Your skin changes colour to match your surroundings (Stealth+).
Your rubbery body absorbs attacks. (AC +1, EV +1)


Message History

Purgy barely misses you. Purgy claws you. Purgy closely misses you.
You hit Purgy but do no damage. Your squeeze misses Purgy.
Purgy is moderately wounded.
You block Purgy's attack. Purgy claws you. Purgy barely misses you.
You miss Purgy.
Purgy is moderately wounded.
Purgy bites you. Purgy claws you.
* * * LOW HITPOINT WARNING * * *
Purgy closely misses you.
You hit Purgy but do no damage. Your squeeze misses Purgy.
Purgy is moderately wounded.
Purgy bites you.
* * * LOW HITPOINT WARNING * * *
You block Purgy's attack. Purgy misses you. Purgy bites you.
* * * LOW HITPOINT WARNING * * *
Purgy claws you but does no damage. Purgy misses you.
You barely miss Purgy.
Purgy is lightly wounded.
Purgy bites you!
You die...

.# ##...## #.##.# #.#
§W ##'## #.##.####.#
.# #.# #>........# .#
#.###########.######
.#####
##..........##.#
.....#
#...#######.##)#
.###.# #.#...# #.##.#
<#
#.##.###.#######)##.#
.###.#.#
##.##)@T.....#
......##
##...###.####
####.#†## #.#### #.#
#.##.###.#######.#
#.###.#)....<....#
..# ##÷.##########
### ##........
#..#####. #..#


You could see Purgy.

Vanquished Creatures
  4 gnolls (D:2)
  3 adders
  An ooze (D:1)
  A worm (D:2)
  A dart slug (D:2)
  A leopard gecko (D:1)
  6 bats
  A giant cockroach (D:2)
  5 goblins
  4 hobgoblins
  8 jackals
  A quokka (D:2)
  A ball python (D:2)
  4 frilled lizards
  6 kobolds
  7 rats
54 creatures vanquished.

Vanquished Creatures (others)
  2 bats (D:2)
2 creatures vanquished.

Grand Total: 56 creatures vanquished

Notes
Turn   | Place    | Note
-------+----------+-------------------------------------------
     0 | D:1      | Ijustatesigmund the Octopode Fighter began the quest for
                  | the Orb.
     0 | D:1      | Reached XP level 1. HP: 16/16 MP: 1/1
   147 | D:1      | Reached XP level 2. HP: 17/21 MP: 2/2
   277 | D:1      | Reached skill level 3 in Axes
   475 | D:1      | Reached XP level 3. HP: 26/26 MP: 3/3
   715 | D:2      | Reached skill level 4 in Axes
   716 | D:2      | Reached XP level 4. HP: 24/31 MP: 4/4
  1702 | D:3      | Noticed a phantom
  1722 | D:3      | Reached XP level 5. HP: 13/36 MP: 5/5
  1780 | D:3      | Reached skill level 5 in Axes
  1873 | D:3      | Noticed Purgy
  1881 | D:3      | Slain by Purgy

Levels and vault maps discovered:
D:1:      lightli_arrival_windingriver, layout_basic
D:2:      layout_basic, lemuel_flame_loot_1
D:3:      layout_loops_corners, minitemple, gup_sewer_entry_spiral,
          minmay_misc_feat_rows, fedhas_altar_2, uniq_purgy

Skill      XL: |  1  2  3  4  5 |
---------------+----------------+-----
Axes           | 3 4 5 |  5.0
Fighting       | |  3.0
Dodging        | |  3.0
Shields        | |  3.0

Action                   |  1- 3 |  4- 6 || total
-------------------------+-------+-------++-------
Melee: War axe           |    37 |    51 ||    88
       Constrict         |    11 |     7 ||    18
       Tentacles         |     4 |     8 ||    12
  Use: Scroll            |     3 |     2 ||     5
       Potion            |     1 |     2 ||     3
 Stab: Sleeping          |     3 |     2 ||     5
  Eat: Chunk             |       |     2 ||     2
       Ration            |       |     1 ||     1
Armor: Skin              |     2 |     6 ||     8
Dodge: Dodged            |    22 |    31 ||    53
Block: Shield            |    23 |    30 ||    53

Table legend:
 A = Non-vault XP
 B = Vault XP
 C = Vault XP percentage of total XP
 D = Non-vault monster count
 E = Vault monster count
 F = Vault count percentage of total count
                 A         B        C        D         E       F
            +---------+---------+-------+---------+---------+-------
      Total |     181 |       0 |   0.0 |      54 |       0 |   0.0
            +---------+---------+-------+---------+---------+-------
        D:1 |      39 |       0 |   0.0 |      20 |       0 |   0.0
        D:2 |     123 |       0 |   0.0 |      28 |       0 |   0.0
        D:3 |      19 |       0 |   0.0 |       6 |       0 |   0.0
            +---------+---------+-------+---------+---------+-------
